 Dungeon Crawl Stone Soup version 0.14-a0-2592-g262d02f (webtiles) character file.

2778 4tharraofdagon the Archer (level 9, -3/112 HPs)
             Began as a Centaur Hunter on Feb 12, 2014.
             Was a Follower of Dithmenos.
             Slain by an orc warrior
             ... wielding a -1,+0 orcish short sword
              (10 damage)
             ... on Level 7 of the Dungeon.
             The game lasted 00:19:04 (2698 turns).

4tharraofdagon the Archer (Centaur Hunter)          Turns: 2698, Time: 00:19:04

HP  -3/112       AC 24     Str 19      XL: 9   Next: 31%
MP   7/7         EV  1     Int 15      God: Dithmenos [*.....]
Gold 219         SH  0     Dex 14      Spells:  0 memorised,  8 levels left

rFire  . . .     SeeInvis .     b - +1 bow
rCold  . . .     Clarity  .     e - melded +1 scale mail
rNeg   + + +     Conserve .     (no shield)
rPois  +         rCorr    .     (no helmet)
rElec  .         rRot     .     (cloak currently unavailable)
SustAb . .       Spirit   .     (gloves currently unavailable)
rMut   .         Warding  .     (no barding)
Saprov . . .     NoTele   +     (no amulet)
MR     .....                    (no ring)
                                i - +3 ring of evasion

@: tree-form, brilliant, agile, mildly poisoned, wreathed by umbra, not
resistant to hostile enchantments, quite stealthy
A: (hooves 0), (deformed body), herbivore 1, (speed 0), fast metabolism 1,
(tough skin 0)
a: Renounce Religion


You were on level 7 of the Dungeon.
You worshipped Dithmenos.
Dithmenos was aware of your devotion.
You were not hungry.
You were an animated tree.
You visited 2 branches of the dungeon, and saw 9 of its levels.
You also visited: Ossuary.

You collected 219 gold pieces.

Inventory:

Hand weapons
 a - a +0,+0 short sword
 b - a +1,+1 bow (weapon)
 k - a +2 blowgun
 y - a +1,+1 dwarven falchion
 C - a +2,+2 whip of freezing
 J - a +1,+0 elven bow
 K - a +0,+0 orcish falchion
Missiles
 l - 6 poisoned needles
 s - 55 arrows (quivered)
 w - 14 bolts of frost
 H - 16 bolts
Armour
 d - a +0 leather armour
 e - a +1 scale mail (melded)
 g - a +0 robe
 B - a +0 pair of gloves
Comestibles
 f - 3 bread rations
 v - 2 meat rations
Scrolls
 c - 4 scrolls of remove curse
 h - a scroll of enchant armour
 n - a scroll of recharging {unknown}
 o - a scroll of curse armour
 p - a scroll of curse jewellery
 A - a scroll of identify {unknown}
Jewellery
 i - a +3 ring of evasion (left branch)
Potions
 q - 2 potions of berserk rage
 z - a potion of paralysis
 F - a potion of beneficial mutation {unknown}
 L - a potion of flight {unknown}


   Skills:
 + Level 5.8 Fighting
 - Level 4.7 Long Blades
 * Level 11.5 Bows
 + Level 4.0 Armour
 - Level 1.3 Dodging
 - Level 0.5 Stealth


You had 8 spell levels left.
You didn't know any spells.

Dungeon Overview and Level Annotations

Branches:
Dungeon (8/16)             Temple (1/1) D:6
   Lair: D:8-11

Altars:
Ashenzari
Cheibriados
Dithmenos
Fedhas
Kikubaaqudgha
Makhleb
Nemelex Xobeh
Okawaru
Sif Muna
Trog
Vehumet
Xom
The Shining One

Annotations:
D:2 Sigmund
D:3 MackTheKnife's ghost, average DrWz


Innate Abilities, Weirdness & Mutations

((You have hooves in place of feet.))*
((Armour fits poorly on your strangely shaped body.))*
You digest meat inefficiently.
((You cover ground very quickly.))*
You have a fast metabolism.
((You have extremely tough skin (AC +3).))*


Message History

The orc warrior is severely wounded.
The wight hits you with a dwarven falchion.
* * * LOW HITPOINT WARNING * * *
The orc warrior hits you but does no damage.
Firing (i - inventory):
s - 57 arrows (quivered)
Press: ? - help, Shift-Dir - straight line, f/p - orc warrior
Aim: an orc warrior, wielding an orcish short sword and wearing an orcish chain mail (severely wounded, umbra, inner flame)
You shoot an arrow. The arrow hits the orc warrior.
The orc warrior is severely wounded.
* * * LOW HITPOINT WARNING * * *
You feel sick. The wight hits you but does no damage.
Unknown command.
Firing (i - inventory):
s - 56 arrows (quivered)
Press: ? - help, Shift-Dir - straight line, f/p - orc warrior
Aim: an orc warrior, wielding an orcish short sword and wearing an orcish chain mail (severely wounded, umbra, inner flame)
You shoot an arrow. The arrow hits the orc warrior.
The orc warrior is severely wounded.
The wight hits you but does no damage.
The orc warrior hits you with an orcish short sword!
You die...

#..#.# #.# #..#.#
#.# .####..#.###
#.# ...........#
#.# ####.......#
#.# #.......# #z#
#..>....# #z#
###.##### #z# #.#
#♣# .#######.##
#o# ..o.......#
#.#
.######g..######.#
.o.............ok#
................k#
......#...#......#
......#.<.###....#
......#...# #...(#


You could see an orc warrior (inner flame), 2 killer bees, 3 wights and an orc.

Vanquished Creatures
  Pikel (D:6)
  A wandering mushroom (D:8)
  The ghost of CrazyArbalest the Bolt Thrower, an average DsHu of Okawaru (Ossuary)
  A sky beast (D:8)
  A black bear (D:8)
  An ice beast (D:8)
  2 ogres
  3 elf zombies (Ossuary)
  4 killer bees (D:8)
  8 wights (D:8)
  A crimson imp (D:8)
  5 centaur zombies (Ossuary)
  A goliath beetle (D:6)
  4 human zombies (Ossuary)
  3 hounds
  A scorpion (D:5)
  2 worker ants
  A hound zombie (D:8)
  4 mummies
  4 adders
  An inept item mimic (D:6)
  An inept feature mimic (D:4)
  A giant gecko (D:2)
  An ooze (D:6)
  3 orcs (D:3)
  4 bats
  4 hobgoblins
  4 jackals
  8 kobolds
  A quokka (D:5)
  2 giant newts (D:3)
  3 goblins
  A hobgoblin skeleton (D:4)
  5 rats
88 creatures vanquished.

Vanquished Creatures (others)
  A jackal (D:6)
1 creature vanquished.

Grand Total: 89 creatures vanquished

Notes
Turn   | Place    | Note
--------------------------------------------------------------
     0 | D:1      | 4tharraofdagon, the Centaur Hunter, began the quest for the Orb.
     0 | D:1      | Reached XP level 1. HP: 16/16 MP: 1/1
   171 | D:2      | Reached XP level 2. HP: 23/23 MP: 2/2
   253 | D:3      | Noticed a giant goldfish
   254 | D:3      | Noticed a giant goldfish
   303 | D:3      | Noticed a jellyfish
   359 | D:3      | Reached XP level 3. HP: 16/29 MP: 3/3
   370 | D:3      | Noticed MackTheKnife's ghost (average DrWz)
   445 | D:2      | Noticed Sigmund
   534 | D:4      | Noticed an ogre
   575 | D:4      | Killed an ogre
   575 | D:4      | Reached skill level 6 in Bows
   575 | D:4      | Reached skill level 1 in Armour
   575 | D:4      | Reached XP level 4. HP: 32/37 MP: 3/3
   753 | D:4      | Reached XP level 5. HP: 42/42 MP: 4/4
   803 | D:5      | Entered Level 5 of the Dungeon
   890 | D:5      | Reached skill level 7 in Bows
   919 | D:5      | Reached skill level 1 in Long Blades
  1123 | D:6      | Noticed a slave
  1126 | D:6      | Noticed Pikel
  1126 | D:6      | Noticed a slave
  1137 | D:6      | Noticed a slave
  1149 | D:6      | Killed Pikel
  1149 | D:6      | Reached skill level 8 in Bows
  1149 | D:6      | Reached XP level 6. HP: 49/51 MP: 5/5
  1149 | D:6      | Reached XP level 7. HP: 54/57 MP: 5/5
  1154 | D:6      | Noticed a freed slave
  1202 | D:6      | Found a staircase to the Ecumenical Temple.
  1212 | Temple   | Entered the Ecumenical Temple
  1240 | Temple   | Became a worshipper of Dithmenos
  1265 | D:6      | Found a sand-covered staircase.
  1310 | Ossuary  | Entered an ossuary
  1343 | Ossuary  | Noticed CrazyArbalest's ghost (average DsHu)
  1430 | Ossuary  | Killed CrazyArbalest's ghost
  1430 | Ossuary  | Reached skill level 9 in Bows
  1471 | Ossuary  | Reached XP level 8. HP: 40/66 MP: 6/6
  2021 | D:7      | Found a burning altar of Makhleb.
  2181 | D:8      | Reached skill level 10 in Bows
  2189 | D:8      | Reached skill level 5 in Fighting
  2311 | D:8      | Reached XP level 9. HP: 59/74 MP: 7/7
  2361 | D:8      | Reached skill level 11 in Bows
  2374 | D:8      | Noticed a wandering mushroom
  2482 | D:8      | Killed a wandering mushroom
  2681 | D:7      | Paralysed by a potion of paralysis for 2 turns
  2698 | D:7      | Slain by an orc warrior

Action                   |  1- 3 |  4- 6 |  7- 9 || total
-------------------------+-------+-------+-------++-------
Melee: Unarmed           |     1 |     2 |       ||     3
       Falchion          |       |     4 |    81 ||    85
 Fire: Bow               |    58 |    34 |   209 ||   301
       Blowgun           |     2 |     5 |     8 ||    15
  Use: Potion            |     2 |     1 |    11 ||    14
       Scroll            |       |       |    10 ||    10
